Capitals vs Lightning
Created - May 7, 2017 at 19:37
Goals
|
| Capitals |
1 |
3 |
2 |
6 |
| Lightning |
1 |
2 |
1 |
4 |
|
Shots
|
| Capitals |
8 |
13 |
10 |
31 |
| Lightning |
10 |
10 |
8 |
28 |
|
1st period
1. Lightning , Henrik Zetterberg 47 (Robert Nilsson 58, Chris Higgins 30) at 8:56
2. Capitals , Jarome Iginla 36 (Zdeno Chara 9) at 9:12
Penalties :
Henrik Zetterberg (TB.) for Hooking (Minor) at 18:26
2nd period
3. Capitals , Jarome Iginla 37 (Patrick Marleau 34, Erik Karlsson 17) at 3:28
4. Capitals , Shane Doan 8 (Ryan Callahan 10) at 7:24
5. Lightning , Daniel Carcillo 14 (Steve Bernier 14) at 8:00
6. Lightning , Jeff Schultz 4 (Kris Versteeg 42, Pierre-Marc Bouchard 24) at 8:20
7. Capitals , Ryan Callahan 13 (Mike Hoffman 3) at 12:04
Penalties :
Wayne Simmonds (TB.) for Tripping (Minor) at 3:51, Joffrey Lupul (Was) for Kneeing (Minor) at 16:47
3rd period
8. Lightning , Daniel Carcillo 15 (John Carlson 23) at 11:26
9. Capitals , Chris Kunitz 13 (Daniel Briere 27, Marek Zidlicky 10) at 12:02
10. Capitals , Chris Kunitz 14 (Marek Zidlicky 11) at 13:15 (SH)
Penalties :
Wayne Simmonds (TB.) for Tripping (Minor) at 1:43, Daniel Briere (Was) for Tripping (Minor) at 8:48, Zdeno Chara (Was) for Roughing (Minor) at 12:12, Erik Karlsson (Was) for Butt-ending (Major / Game Misconduct) at 17:59
Goalie Stats
Jake Allen (Was), 24 saves from 28 shots - (0.857), W, 3-5-1, 60:00 minutes
Jaroslav Halak (TB.), 25 saves from 31 shots - (0.806), L, 34-28-7, 60:00 minutes
Players Stats for Capitals
Player Name G A P +/- PIM S H SB GA TA FO MP PP MP PK MP
------------------------------------------------------------------------------------
Brian Boyle 0 0 0 0 0 2 1 0 0 0 4/6 10:36 0:00 0:51
Chris Kunitz 2 0 2 2 0 4 0 1 0 0 1/2 13:17 0:00 1:08
Chris Phillips 0 0 0 -1 0 0 3 2 0 0 0/0 24:51 3:31 4:54
Daniel Briere 0 1 1 1 2 3 2 0 0 0 1/1 18:34 2:27 3:59
Erik Karlsson 0 1 1 2 15 1 0 1 1 0 0/0 23:20 3:31 1:20
Jarome Iginla 2 0 2 0 0 8 5 0 1 0 2/3 20:41 3:16 1:20
Joe Thornton 0 0 0 0 0 3 3 0 0 0 11/14 16:56 3:30 5:05
Joffrey Lupul 0 0 0 0 2 1 1 0 1 0 0/1 9:50 0:00 0:00
Marek Zidlicky 0 2 2 -1 0 2 0 0 0 1 0/0 20:23 2:26 3:03
Mark Giordano 0 0 0 2 0 0 1 0 0 1 0/0 10:45 0:00 0:00
Mike Hoffman 0 1 1 0 0 0 0 0 0 1 0/0 8:19 0:00 0:26
Patrick Marleau 0 1 1 0 0 2 2 3 0 0 0/2 19:38 2:27 1:20
Ryan Callahan 1 1 2 1 0 1 2 0 0 0 0/0 9:54 0:14 1:21
Ryan Johansen 0 0 0 0 0 1 3 0 1 1 8/26 17:55 2:27 0:00
Shane Doan 1 0 1 0 0 3 2 0 1 0 0/0 9:54 0:14 0:00
Tom Preissing 0 0 0 2 0 0 0 0 0 1 0/0 17:07 2:26 3:03
Tyler Seguin 0 0 0 1 0 0 1 0 0 0 4/9 16:22 3:16 0:24
Zdeno Chara 0 1 1 0 2 0 1 0 0 0 0/0 23:37 0:00 3:34
Players Stats for Lightning
Player Name G A P +/- PIM S H SB GA TA FO MP PP MP PK MP
------------------------------------------------------------------------------------
Andy Rogers 0 0 0 -1 0 0 0 3 0 0 0/0 19:41 0:00 3:47
Brent Burns 0 0 0 0 0 1 1 2 1 1 0/0 27:03 4:29 2:10
Chris Higgins 0 1 1 0 0 2 1 2 0 0 0/0 16:36 3:14 1:10
Daniel Carcillo 2 0 2 1 0 4 2 0 1 0 1/1 12:28 0:52 1:30
Darroll Powe 0 0 0 0 0 1 0 1 0 1 4/9 10:39 0:00 3:12
Henrik Zetterberg 1 0 1 -2 2 3 0 0 1 1 3/5 21:30 4:28 0:00
Jeff Schultz 1 0 1 -1 0 5 0 3 1 1 0/0 28:54 3:16 3:47
John Carlson 0 1 1 -1 0 1 2 1 0 1 0/0 19:27 4:41 0:00
Kris Versteeg 0 1 1 -1 0 2 4 0 1 0 0/2 16:39 4:38 0:00
Logan Couture 0 0 0 0 0 0 1 1 0 0 2/7 14:18 3:14 1:15
Pierre-Luc Létourneau 0 0 0 -1 0 0 0 1 0 0 0/0 7:05 0:05 0:00
Pierre-Marc Bouchard 0 1 1 0 0 0 0 0 0 0 8/11 12:01 0:00 0:00
Robert Nilsson 0 1 1 -2 0 5 0 0 0 0 15/27 22:32 4:28 1:30
Sheldon Keefe 0 0 0 -1 0 0 1 0 0 0 0/1 10:55 0:05 3:17
Steve Bernier 0 1 1 1 0 2 1 0 0 0 0/0 9:47 0:00 0:00
Victor Hedman 0 0 0 -1 0 1 0 0 0 0 0/0 13:04 3:16 0:00
Wayne Simmonds 0 0 0 -1 4 1 7 0 0 0 0/1 19:30 2:47 0:00
Wes O'Neill 0 0 0 0 0 0 0 0 0 0 0/0 11:51 0:12 2:10
3 Stars
1 - Jarome Iginla (Was)
2 - Chris Kunitz (Was)
3 - Daniel Carcillo (TB.)
Power Play
Capitals - 0 on 3 Attempt(s) - 0.00%
Lightning - 0 on 4 Attempt(s) - 0.00%
Penalty Kill
Capitals - 4 on 4 Attempt(s) - 100.00%
- Score 1 goal in Penalty Kill
Lightning - 3 on 3 Attempt(s) - 100.00%
- Score 0 goal in Penalty Kill
Team Stat
Capitals - Hits : 27 - Faceoff Wins : 31 - Blocked Shots : 7 - Penalty Minutes : 21
Lightning - Hits : 20 - Faceoff Wins : 33 - Blocked Shots : 14 - Penalty Minutes : 6
Official
Referees : Marouelli Dan and Walsh Ian
Linesman : David Brisebois and Brian Mach
Game Notes
8:16 of 2nd period - Lightning goal is going for a video replay. After video review, No Goal. The puck has entered the net after making contact with an attacking player’s stick that is above the height of the crossbar.
Erik Karlsson ejected from game at 17:59 of 3rd period
Erik Karlsson from Capitals is suspended for 1 game(s)
Finance
Level 1 -- Attendance: 3438 (57.30%) -- Ticket Income $378,180
Level 2 -- Attendance: 3558 (71.16%) -- Ticket Income $209,922
Level 3 -- Attendance: 1286 (64.30%) -- Ticket Income $50,154
Level 4 -- Attendance: 1958 (48.95%) -- Ticket Income $68,530
Luxury Box -- Attendance: 592 (59.20%) -- Ticket Income $124,320
Game was played at the Tampa Bay Stadium.
Total Attendance: 10832 (60.18%)
Total Ticket Income: $831,106
Other Income: $124,666
Total Income: $955,772
Capitals
5 vs 5 Forward
Center Left Wing Right Wing Time % Phy DF OF
1 Ryan Johansen Patrick Marleau Jarome Iginla 40 1 2 2
2 Tyler Seguin Chris Kunitz Daniel Briere 30 1 2 2
3 Joe Thornton Mike Hoffman Ryan Callahan 20 1 2 2
4 Brian Boyle Joffrey Lupul Shane Doan 10 1 2 2
5 vs 5 Defense
Defense Defense Time % Phy DF OF
1 Erik Karlsson Zdeno Chara 40 1 2 2
2 Marek Zidlicky Chris Phillips 30 1 2 2
3 Mark Giordano Tom Preissing 20 1 2 2
4 Chris Phillips Zdeno Chara 10 1 2 2
PowerPlay Forward
Center Left Wing Right Wing Time % Phy DF OF
1 Tyler Seguin Joe Thornton Jarome Iginla 60 1 2 2
2 Ryan Johansen Patrick Marleau Daniel Briere 40 1 2 2
PowerPlay Defense
Defense Defense Time % Phy DF OF
1 Chris Phillips Erik Karlsson 60 1 2 2
2 Marek Zidlicky Tom Preissing 40 1 2 2
Penalty Kill 4 Players Forward
Center Wing Time % Phy DF OF
1 Joe Thornton Daniel Briere 60 1 2 2
2 Jarome Iginla Patrick Marleau 40 1 2 2
Penalty Kill 4 Players Defense
Defense Defense Time % Phy DF OF
1 Chris Phillips Zdeno Chara 60 1 2 2
2 Marek Zidlicky Tom Preissing 40 1 2 2
Penalty Kill - 3 Players Forward
Forward Time % Phy DF OF
1 Joe Thornton 60 1 2 2
2 Daniel Briere 40 1 2 2
Penalty Kill - 3 Players Defense
Defense Defense Time % Phy DF OF
1 Chris Phillips Zdeno Chara 60 1 2 2
2 Marek Zidlicky Tom Preissing 40 1 2 2
4 vs 4 Forward
Center Wing Time % Phy DF OF
1 Joe Thornton Daniel Briere 60 1 2 2
2 Jarome Iginla Patrick Marleau 40 1 2 2
4 vs 4 Defense
Defense Defense Time % Phy DF OF
1 Chris Phillips Zdeno Chara 60 1 2 2
2 Marek Zidlicky Erik Karlsson 40 1 2 2
Last Minutes Offensive
Center Left Wing Right Wing Defense Defense
Joe Thornton Patrick Marleau Jarome Iginla Chris Phillips Zdeno Chara
Last Minutes Defensive
Center Left Wing Right Wing Defense Defense
Joe Thornton Patrick Marleau Jarome Iginla Chris Phillips Zdeno Chara
Goaltenders
Starting : Jake Allen
Backup : Jonas Gustavsson
Extra Forwards
Normal : Tyler Seguin, Shane Doan, Ryan Callahan - PP : Tyler Seguin, Shane Doan - PK : Ryan Callahan
Extra Defensemen
Normal : Mark Giordano, Erik Karlsson, Marek Zidlicky - PP : Mark Giordano - PK : Erik Karlsson, Marek Zidlicky
Penalty Shots
Joe Thornton, Daniel Briere, Jarome Iginla, Patrick Marleau, Ryan Johansen
Scratches
Ondrej Palat (Torn Left Knee Ligaments Injury), Jamie Langenbrunner (Healthy), Saku Koivu (Healthy), Erik Karlsson (Suspend)
Lightning
5 vs 5 Forward
Center Left Wing Right Wing Time % Phy DF OF
1 Robert Nilsson Henrik Zetterberg Wayne Simmonds 40 1 2 2
2 Pierre-Marc Bouchard Chris Higgins Kris Versteeg 30 1 2 2
3 Logan Couture Daniel Carcillo Steve Bernier 20 1 2 2
4 Darroll Powe Pierre-Luc Létourneau Sheldon Keefe 10 1 2 2
5 vs 5 Defense
Defense Defense Time % Phy DF OF
1 Brent Burns Jeff Schultz 40 1 2 2
2 Andy Rogers John Carlson 30 1 2 2
3 Wes O'Neill Victor Hedman 20 1 2 2
4 Jeff Schultz Brent Burns 10 1 2 2
PowerPlay Forward
Center Left Wing Right Wing Time % Phy DF OF
1 Robert Nilsson Henrik Zetterberg Kris Versteeg 60 1 2 2
2 Logan Couture Chris Higgins Wayne Simmonds 40 1 2 2
PowerPlay Defense
Defense Defense Time % Phy DF OF
1 Brent Burns John Carlson 60 1 2 2
2 Jeff Schultz Victor Hedman 40 1 2 2
Penalty Kill 4 Players Forward
Center Wing Time % Phy DF OF
1 Darroll Powe Sheldon Keefe 60 1 2 2
2 Robert Nilsson Daniel Carcillo 40 1 2 2
Penalty Kill 4 Players Defense
Defense Defense Time % Phy DF OF
1 Andy Rogers Jeff Schultz 60 1 2 2
2 Brent Burns Wes O'Neill 40 1 2 2
Penalty Kill - 3 Players Forward
Forward Time % Phy DF OF
1 Henrik Zetterberg 60 1 2 2
2 Robert Nilsson 40 1 2 2
Penalty Kill - 3 Players Defense
Defense Defense Time % Phy DF OF
1 Brent Burns Jeff Schultz 60 1 2 2
2 Andy Rogers John Carlson 40 1 2 2
4 vs 4 Forward
Center Wing Time % Phy DF OF
1 Robert Nilsson Henrik Zetterberg 60 1 2 2
2 Logan Couture Chris Higgins 40 1 2 2
4 vs 4 Defense
Defense Defense Time % Phy DF OF
1 Brent Burns Jeff Schultz 60 1 2 2
2 Andy Rogers John Carlson 40 1 2 2
Last Minutes Offensive
Center Left Wing Right Wing Defense Defense
Robert Nilsson Henrik Zetterberg Kris Versteeg Brent Burns John Carlson
Last Minutes Defensive
Center Left Wing Right Wing Defense Defense
Robert Nilsson Henrik Zetterberg Sheldon Keefe Andy Rogers Jeff Schultz
Goaltenders
Starting : Jaroslav Halak
Backup : Tyler Weiman
Extra Forwards
Normal : Daniel Carcillo, Wayne Simmonds, Sheldon Keefe - PP : Daniel Carcillo, Wayne Simmonds - PK : Sheldon Keefe
Extra Defensemen
Normal : Wes O'Neill, John Carlson, Victor Hedman - PP : Wes O'Neill - PK : John Carlson, Victor Hedman
Penalty Shots
Henrik Zetterberg, Robert Nilsson, Kris Versteeg, Chris Higgins, Pierre-Marc Bouchard
Scratches
None
% Time on Ice - Capitals
Lines # - Real PCT - Wanted PCT - Time Play
Normal Forward
1 - 35% - 40% - 16:08
2 - 27% - 30% - 12:32
3 - 17% - 20% - 7:53
4 - 21% - 10% - 9:33
Normal Defense
1 - 40% - 40% - 18:38
2 - 31% - 30% - 14:21
3 - 23% - 20% - 10:45
4 - 5% - 10% - 2:22
PP Forward
1 - 59% - 60% - 3:30
2 - 41% - 40% - 2:27
PP Defense
1 - 59% - 60% - 3:31
2 - 41% - 40% - 2:26
PK Forward
1 - 83% - 60% - 6:37
2 - 17% - 40% - 1:20
PK Defense
1 - 62% - 60% - 4:54
2 - 38% - 40% - 3:03
PK3 Forward
1 - 0% - 60%
2 - 0% - 40%
PK3 Defense
1 - 0% - 60%
2 - 0% - 40%
44 Forward
1 - 0% - 60%
2 - 0% - 40%
44 Defense
1 - 0% - 60%
2 - 0% - 40%
Last Minute Offensive - 0:00
Last Minute Defensive - 0:00
Total
Forward - 60:00
Defense - 60:00
|
% Time on Ice - Lightning
Lines # - Real PCT - Wanted PCT - Time Play
Normal Forward
1 - 38% - 40% - 17:18
2 - 27% - 30% - 12:16
3 - 21% - 20% - 9:47
4 - 15% - 10% - 6:45
Normal Defense
1 - 40% - 40% - 18:37
2 - 34% - 30% - 15:45
3 - 20% - 20% - 9:25
4 - 5% - 10% - 2:19
PP Forward
1 - 59% - 60% - 4:43
2 - 41% - 40% - 3:14
PP Defense
1 - 59% - 60% - 4:41
2 - 41% - 40% - 3:16
PK Forward
1 - 75% - 60% - 4:27
2 - 25% - 40% - 1:30
PK Defense
1 - 64% - 60% - 3:47
2 - 36% - 40% - 2:10
PK3 Forward
1 - 0% - 60%
2 - 0% - 40%
PK3 Defense
1 - 0% - 60%
2 - 0% - 40%
44 Forward
1 - 0% - 60%
2 - 0% - 40%
44 Defense
1 - 0% - 60%
2 - 0% - 40%
Last Minute Offensive - 0:00
Last Minute Defensive - 0:00
Total
Forward - 60:00
Defense - 60:00
|
Play by Play
1st period
0:01 of 1st period - Ryan Johansen wins face-off versus Robert Nilsson in neutral zone.
0:50 of 1st period - Erik Karlsson is hit by Sheldon Keefe and loses puck.
1:12 of 1st period - Icing by Victor Hedman.
1:13 of 1st period - Logan Couture wins face-off versus Brian Boyle in Lightning zone.
1:21 of 1st period - Snap shot by Steve Bernier.
1:21 of 1st period - Stopped by Jake Allen with a rebound.
1:27 of 1st period - Wrist shot by Daniel Carcillo.
1:27 of 1st period - Stopped by Jake Allen without a rebound.
1:28 of 1st period - Ryan Johansen wins face-off versus Robert Nilsson in Capitals zone.
1:39 of 1st period - Wrist shot by Patrick Marleau.
1:39 of 1st period - Stopped by Jaroslav Halak with a rebound.
1:41 of 1st period - Slapshot by Tom Preissing.
1:41 of 1st period - Shot Misses the Net.
2:18 of 1st period - Andy Rogers is hit by Joe Thornton and loses puck.
2:41 of 1st period - Wayne Simmonds is hit by Ryan Johansen and loses puck.
3:03 of 1st period - Icing by Wes O'Neill.
3:04 of 1st period - Darroll Powe wins face-off versus Brian Boyle in Lightning zone.
3:17 of 1st period - Snap shot by Darroll Powe.
3:17 of 1st period - Shot Misses the Net.
3:19 of 1st period - Wrist shot by Victor Hedman.
3:19 of 1st period - Stopped by Jake Allen without a rebound.
3:20 of 1st period - Henrik Zetterberg wins face-off versus Ryan Johansen in Capitals zone.
3:27 of 1st period - Wrist shot by Robert Nilsson.
3:27 of 1st period - Stopped by Jake Allen with a rebound.
3:54 of 1st period - Brent Burns is hit by Daniel Briere and loses puck.
4:37 of 1st period - Wrist shot by Sheldon Keefe.
4:37 of 1st period - Shot Blocked by Patrick Marleau.
4:55 of 1st period - Snap shot by Chris Higgins.
4:55 of 1st period - Shot Misses the Net.
4:57 of 1st period - Wrist shot by Kris Versteeg.
4:57 of 1st period - Shot Misses the Net.
4:59 of 1st period - Slapshot by Kris Versteeg.
4:59 of 1st period - Shot Misses the Net.
5:09 of 1st period - Henrik Zetterberg is hit by Daniel Briere and loses puck.
5:16 of 1st period - Chris Phillips is hit by Wayne Simmonds and loses puck.
5:31 of 1st period - Logan Couture is hit by Shane Doan and loses puck.
5:38 of 1st period - Shane Doan is hit by Logan Couture and loses puck.
5:55 of 1st period - Off-side.
5:56 of 1st period - Pierre-Marc Bouchard wins face-off versus Ryan Johansen in neutral zone.
6:03 of 1st period - Slapshot by Chris Higgins.
6:03 of 1st period - Shot Misses the Net.
6:28 of 1st period - Wes O'Neill is hit by Mark Giordano and loses puck.
7:36 of 1st period - Wrist shot by Jarome Iginla.
7:36 of 1st period - Shot Blocked by Chris Higgins.
7:38 of 1st period - Slapshot by Chris Phillips.
7:38 of 1st period - Shot Blocked by Andy Rogers.
7:56 of 1st period - Slapshot by Chris Phillips.
7:56 of 1st period - Shot Blocked by Andy Rogers.
7:58 of 1st period - Wrist shot by Chris Kunitz.
7:58 of 1st period - Shot Misses the Net.
8:08 of 1st period - Tom Preissing is hit by Daniel Carcillo.
8:56 of 1st period - Slapshot by Henrik Zetterberg.
8:56 of 1st period - Goal by Henrik Zetterberg - Capitals : 0 - Lightning : 1.
8:57 of 1st period - Robert Nilsson wins face-off versus Ryan Johansen in neutral zone.
9:10 of 1st period - Snap shot by Jarome Iginla.
9:10 of 1st period - Stopped by Jaroslav Halak with a rebound.
9:12 of 1st period - Snap shot by Jarome Iginla.
9:12 of 1st period - Goal by Jarome Iginla - Capitals : 1 - Lightning : 1.
9:13 of 1st period - Robert Nilsson wins face-off versus Ryan Johansen in neutral zone.
9:22 of 1st period - Backhand shot by Henrik Zetterberg.
9:22 of 1st period - Stopped by Jake Allen with a rebound.
9:24 of 1st period - Slapshot by Jeff Schultz.
9:24 of 1st period - Stopped by Jake Allen with a rebound.
9:26 of 1st period - Slapshot by Brent Burns.
9:26 of 1st period - Stopped by Jake Allen with a rebound.
9:28 of 1st period - Wrist shot by Robert Nilsson.
9:28 of 1st period - Shot Blocked by Erik Karlsson.
9:30 of 1st period - Slapshot by Brent Burns.
9:30 of 1st period - Shot Blocked by Patrick Marleau.
11:27 of 1st period - Snap shot by Joe Thornton.
11:27 of 1st period - Shot Misses the Net.
11:29 of 1st period - Slapshot by Marek Zidlicky.
11:29 of 1st period - Stopped by Jaroslav Halak without a rebound.
11:30 of 1st period - Joe Thornton wins face-off versus Logan Couture in Lightning zone.
11:31 of 1st period - Slapshot by Ryan Callahan.
11:31 of 1st period - Shot Blocked by Logan Couture.
12:19 of 1st period - Brent Burns is hit by Jarome Iginla.
12:37 of 1st period - Slapshot by Daniel Carcillo.
12:37 of 1st period - Shot Misses the Net.
13:40 of 1st period - Snap shot by Steve Bernier.
13:40 of 1st period - Stopped by Jake Allen without a rebound.
13:41 of 1st period - Henrik Zetterberg wins face-off versus Ryan Johansen in Capitals zone.
13:56 of 1st period - Jarome Iginla is hit by Wayne Simmonds and loses puck.
14:35 of 1st period - Snap shot by Sheldon Keefe.
14:35 of 1st period - Shot Misses the Net.
14:37 of 1st period - Slapshot by Jeff Schultz.
14:37 of 1st period - Deflect By Joe Thornton.
14:37 of 1st period - Stopped by Jake Allen with a rebound.
14:47 of 1st period - Wayne Simmonds is hit by Patrick Marleau and loses puck.
15:09 of 1st period - Wes O'Neill is hit by Joffrey Lupul and loses puck.
15:20 of 1st period - Mark Giordano is hit by Wayne Simmonds and loses puck.
15:27 of 1st period - Snap shot by Henrik Zetterberg.
15:27 of 1st period - Shot Hit the Post.
15:30 of 1st period - Icing by Mark Giordano.
15:31 of 1st period - Brian Boyle wins face-off versus Pierre-Marc Bouchard in Capitals zone.
17:30 of 1st period - Snap shot by Ryan Johansen.
17:30 of 1st period - Stopped by Jaroslav Halak with a rebound.
17:32 of 1st period - Snap shot by Jarome Iginla.
17:32 of 1st period - Stopped by Jaroslav Halak with a rebound.
18:10 of 1st period - Wrist shot by Jarome Iginla.
18:10 of 1st period - Stopped by Jaroslav Halak without a rebound.
18:11 of 1st period - Pierre-Marc Bouchard wins face-off versus Ryan Johansen in Lightning zone.
18:11 of 1st period - Pierre-Marc Bouchard is hit by Ryan Johansen.
18:17 of 1st period - Snap shot by Jarome Iginla.
18:17 of 1st period - Shot Blocked by Jeff Schultz.
18:19 of 1st period - Snap shot by Patrick Marleau.
18:19 of 1st period - Stopped by Jaroslav Halak without a rebound.
18:20 of 1st period - Robert Nilsson wins face-off versus Ryan Johansen in Lightning zone.
18:26 of 1st period - Minor Penalty to Henrik Zetterberg for Hooking.
18:27 of 1st period - Darroll Powe wins face-off versus Tyler Seguin in Lightning zone.
18:53 of 1st period - Snap shot by Patrick Marleau.
18:53 of 1st period - Shot Misses the Net.
19:15 of 1st period - Sheldon Keefe is hit by Jarome Iginla.
Goals for this period are 1 for Capitals vs 1 for Lightning .
Shots for this period are 8 for Capitals vs 10 for Lightning .
2nd period
0:01 of 2nd period - Joe Thornton wins face-off versus Darroll Powe in neutral zone.
0:04 of 2nd period - Slapshot by Erik Karlsson.
0:04 of 2nd period - Shot Blocked by Jeff Schultz.
0:26 of 2nd period - Penalty to Henrik Zetterberg is over, Henrik Zetterberg is back on ice.
0:26 of 2nd period - Sheldon Keefe is hit by Chris Phillips and loses puck.
0:54 of 2nd period - Wrist shot by Jarome Iginla.
0:54 of 2nd period - Stopped by Jaroslav Halak with a rebound.
0:56 of 2nd period - Slapshot by Jarome Iginla.
0:56 of 2nd period - Shot Blocked by Darroll Powe.
0:58 of 2nd period - Wrist shot by Joe Thornton.
0:58 of 2nd period - Stopped by Jaroslav Halak without a rebound.
0:59 of 2nd period - Brian Boyle wins face-off versus Pierre-Marc Bouchard in Lightning zone.
1:02 of 2nd period - Wrist shot by Joffrey Lupul.
1:02 of 2nd period - Shot Blocked by Chris Higgins.
1:04 of 2nd period - Slapshot by Mark Giordano.
1:04 of 2nd period - Shot Misses the Net.
1:06 of 2nd period - Wrist shot by Mark Giordano.
1:06 of 2nd period - Deflect By Brian Boyle.
1:06 of 2nd period - Stopped by Jaroslav Halak with a rebound.
1:24 of 2nd period - Daniel Carcillo is hit by Ryan Callahan and loses puck.
2:07 of 2nd period - Snap shot by Chris Higgins.
2:07 of 2nd period - Stopped by Jake Allen with a rebound.
2:09 of 2nd period - Snap shot by Jeff Schultz.
2:09 of 2nd period - Stopped by Jake Allen with a rebound.
2:43 of 2nd period - Wrist shot by Darroll Powe.
2:43 of 2nd period - Stopped by Jake Allen without a rebound.
2:44 of 2nd period - Ryan Johansen wins face-off versus Darroll Powe in Capitals zone.
3:14 of 2nd period - Slapshot by Jeff Schultz.
3:14 of 2nd period - Shot Misses the Net.
3:28 of 2nd period - Snap shot by Jarome Iginla.
3:28 of 2nd period - Goal by Jarome Iginla - Capitals : 2 - Lightning : 1.
3:29 of 2nd period - Tyler Seguin wins face-off versus Robert Nilsson in neutral zone.
3:32 of 2nd period - Brent Burns is hit by Tyler Seguin and loses puck.
3:51 of 2nd period - Minor Penalty to Wayne Simmonds for Tripping.
3:52 of 2nd period - Tyler Seguin wins face-off versus Darroll Powe in Lightning zone.
3:55 of 2nd period - Wrist shot by Jarome Iginla.
3:55 of 2nd period - Shot Misses the Net.
3:57 of 2nd period - Slapshot by Erik Karlsson.
3:57 of 2nd period - Shot Blocked by Andy Rogers.
4:29 of 2nd period - Wrist shot by Robert Nilsson.
4:29 of 2nd period - Shot Misses the Net.
4:31 of 2nd period - Slapshot by Daniel Carcillo.
4:31 of 2nd period - Shot Misses the Net.
4:33 of 2nd period - Slapshot by Andy Rogers.
4:33 of 2nd period - Shot Misses the Net.
4:45 of 2nd period - Darroll Powe is hit by Jarome Iginla and loses puck.
5:47 of 2nd period - Brent Burns is hit by Joe Thornton.
5:51 of 2nd period - Penalty to Wayne Simmonds is over, Wayne Simmonds is back on ice.
5:56 of 2nd period - Off-side.
5:57 of 2nd period - Brian Boyle wins face-off versus Wayne Simmonds in neutral zone.
6:12 of 2nd period - Snap shot by Robert Nilsson.
6:12 of 2nd period - Stopped by Jake Allen with a rebound.
6:27 of 2nd period - Wrist shot by Chris Higgins.
6:27 of 2nd period - Shot Misses the Net.
6:36 of 2nd period - Icing by Brent Burns.
6:37 of 2nd period - Logan Couture wins face-off versus Ryan Johansen in Lightning zone.
7:24 of 2nd period - Slapshot by Shane Doan.
7:24 of 2nd period - Goal by Shane Doan - Capitals : 3 - Lightning : 1.
7:25 of 2nd period - Robert Nilsson wins face-off versus Ryan Johansen in neutral zone.
7:51 of 2nd period - Patrick Marleau is hit by Steve Bernier and loses puck.
8:00 of 2nd period - Snap shot by Daniel Carcillo.
8:00 of 2nd period - Goal by Daniel Carcillo - Capitals : 3 - Lightning : 2.
8:01 of 2nd period - Robert Nilsson wins face-off versus Chris Kunitz in neutral zone.
8:12 of 2nd period - Wrist shot by Henrik Zetterberg.
8:12 of 2nd period - Shot Blocked by Chris Kunitz.
8:14 of 2nd period - Snap shot by Henrik Zetterberg.
8:14 of 2nd period - Shot Misses the Net.
8:16 of 2nd period - Wrist shot by Wayne Simmonds.
8:16 of 2nd period - Lightning goal is going for a video replay.
8:16 of 2nd period - The goal is refused. The puck has entered the net after making contact with an attacking player’s stick that is above the height of the crossbar..
8:17 of 2nd period - Pierre-Marc Bouchard wins face-off versus Ryan Johansen in Capitals zone.
8:18 of 2nd period - Wrist shot by Kris Versteeg.
8:18 of 2nd period - Stopped by Jake Allen with a rebound.
8:20 of 2nd period - Slapshot by Jeff Schultz.
8:20 of 2nd period - Goal by Jeff Schultz - Capitals : 3 - Lightning : 3.
8:21 of 2nd period - Ryan Johansen wins face-off versus Robert Nilsson in neutral zone.
8:49 of 2nd period - Icing by Henrik Zetterberg.
8:50 of 2nd period - Joe Thornton wins face-off versus Robert Nilsson in Lightning zone.
9:21 of 2nd period - Snap shot by Kris Versteeg.
9:21 of 2nd period - Shot Misses the Net.
9:26 of 2nd period - Off-side.
9:27 of 2nd period - Daniel Briere wins face-off versus Logan Couture in neutral zone.
9:32 of 2nd period - Wrist shot by Tyler Seguin.
9:32 of 2nd period - Deflect By Chris Kunitz.
9:32 of 2nd period - Stopped by Jaroslav Halak without a rebound.
9:33 of 2nd period - Tyler Seguin wins face-off versus Logan Couture in Lightning zone.
9:41 of 2nd period - Off-side.
9:42 of 2nd period - Robert Nilsson wins face-off versus Ryan Johansen in neutral zone.
9:45 of 2nd period - Ryan Johansen is hit by Brent Burns and loses puck.
10:33 of 2nd period - Slapshot by Joe Thornton.
10:33 of 2nd period - Stopped by Jaroslav Halak with a rebound.
10:35 of 2nd period - Wrist shot by Zdeno Chara.
10:35 of 2nd period - Deflect By Joe Thornton.
10:35 of 2nd period - Shot Blocked by Brent Burns.
10:35 of 2nd period - Puck is out of play.
10:36 of 2nd period - Robert Nilsson wins face-off versus Patrick Marleau in Lightning zone.
10:36 of 2nd period - Robert Nilsson is hit by Ryan Johansen.
10:52 of 2nd period - Henrik Zetterberg is hit by Jarome Iginla and loses puck.
11:02 of 2nd period - Icing by Andy Rogers.
11:03 of 2nd period - Robert Nilsson wins face-off versus Tyler Seguin in Lightning zone.
11:08 of 2nd period - Slapshot by Daniel Briere.
11:08 of 2nd period - Stopped by Jaroslav Halak with a rebound.
11:10 of 2nd period - Slapshot by Marek Zidlicky.
11:10 of 2nd period - Stopped by Jaroslav Halak without a rebound.
11:11 of 2nd period - Ryan Johansen wins face-off versus Pierre-Marc Bouchard in Lightning zone.
11:37 of 2nd period - Marek Zidlicky is hit by Wayne Simmonds and loses puck.
11:56 of 2nd period - Wrist shot by Wayne Simmonds.
11:56 of 2nd period - Shot Misses the Net.
12:04 of 2nd period - Slapshot by Ryan Callahan.
12:04 of 2nd period - Goal by Ryan Callahan - Capitals : 4 - Lightning : 3.
12:05 of 2nd period - Robert Nilsson wins face-off versus Patrick Marleau in neutral zone.
12:10 of 2nd period - Wrist shot by Robert Nilsson.
12:10 of 2nd period - Stopped by Jake Allen with a rebound.
12:20 of 2nd period - Snap shot by Ryan Johansen.
12:20 of 2nd period - Shot Misses the Net.
12:30 of 2nd period - Daniel Briere is hit by Kris Versteeg and loses puck.
13:05 of 2nd period - Snap shot by Daniel Briere.
13:05 of 2nd period - Stopped by Jaroslav Halak without a rebound.
13:06 of 2nd period - Robert Nilsson wins face-off versus Jarome Iginla in Lightning zone.
13:06 of 2nd period - Robert Nilsson is hit by Patrick Marleau.
13:14 of 2nd period - Jarome Iginla is hit by John Carlson and loses puck.
13:33 of 2nd period - Mike Hoffman is hit by Kris Versteeg and loses puck.
13:38 of 2nd period - Snap shot by Chris Higgins.
13:38 of 2nd period - Shot Misses the Net.
13:40 of 2nd period - Snap shot by Kris Versteeg.
13:40 of 2nd period - Shot Misses the Net.
13:42 of 2nd period - Backhand shot by Wes O'Neill.
13:42 of 2nd period - Shot Blocked by Chris Phillips.
14:02 of 2nd period - Snap shot by Daniel Carcillo.
14:02 of 2nd period - Deflect By Steve Bernier.
14:02 of 2nd period - Shot Misses the Net.
14:02 of 2nd period - Puck is out of play.
14:03 of 2nd period - Robert Nilsson wins face-off versus Ryan Johansen in Capitals zone.
14:14 of 2nd period - Snap shot by Robert Nilsson.
14:14 of 2nd period - Stopped by Jake Allen without a rebound.
14:15 of 2nd period - Ryan Johansen wins face-off versus Henrik Zetterberg in Capitals zone.
14:35 of 2nd period - Jarome Iginla is hit by Wayne Simmonds and loses puck.
14:50 of 2nd period - Wrist shot by Daniel Briere.
14:50 of 2nd period - Deflect By Chris Kunitz.
14:50 of 2nd period - Shot Blocked by Brent Burns.
14:50 of 2nd period - Puck is out of play.
14:51 of 2nd period - Pierre-Marc Bouchard wins face-off versus Tyler Seguin in Lightning zone.
14:51 of 2nd period - Pierre-Marc Bouchard is hit by Chris Phillips.
15:28 of 2nd period - Wrist shot by Jarome Iginla.
15:28 of 2nd period - Stopped by Jaroslav Halak without a rebound.
15:29 of 2nd period - Pierre-Marc Bouchard wins face-off versus Joe Thornton in Lightning zone.
15:29 of 2nd period - Pierre-Marc Bouchard is hit by Zdeno Chara.
15:34 of 2nd period - Brent Burns is hit by Ryan Callahan and loses puck.
16:47 of 2nd period - Minor Penalty to Joffrey Lupul for Kneeing.
16:48 of 2nd period - Joe Thornton wins face-off versus Robert Nilsson in Capitals zone.
17:00 of 2nd period - Chris Phillips is hit by Kris Versteeg and loses puck.
17:05 of 2nd period - Snap shot by Robert Nilsson.
17:05 of 2nd period - Shot Misses the Net.
17:19 of 2nd period - Chris Phillips is hit by Wayne Simmonds and loses puck.
18:47 of 2nd period - Penalty to Joffrey Lupul is over, Joffrey Lupul is back on ice.
18:54 of 2nd period - Wrist shot by Jarome Iginla.
18:54 of 2nd period - Stopped by Jaroslav Halak with a rebound.
19:51 of 2nd period - Slapshot by Shane Doan.
19:51 of 2nd period - Shot Misses the Net.
Goals for this period are 3 for Capitals vs 2 for Lightning .
Shots for this period are 13 for Capitals vs 10 for Lightning .
3rd period
0:01 of 3rd period - Robert Nilsson wins face-off versus Ryan Johansen in neutral zone.
0:16 of 3rd period - Snap shot by Jarome Iginla.
0:16 of 3rd period - Shot Misses the Net.
0:40 of 3rd period - Off-side.
0:41 of 3rd period - Pierre-Marc Bouchard wins face-off versus Ryan Johansen in neutral zone.
1:12 of 3rd period - Off-side.
1:13 of 3rd period - Tyler Seguin wins face-off versus Darroll Powe in neutral zone.
1:43 of 3rd period - Minor Penalty to Wayne Simmonds for Tripping.
1:44 of 3rd period - Darroll Powe wins face-off versus Tyler Seguin in Lightning zone.
3:43 of 3rd period - Penalty to Wayne Simmonds is over, Wayne Simmonds is back on ice.
4:45 of 3rd period - Joffrey Lupul is hit by John Carlson and loses puck.
5:15 of 3rd period - Daniel Carcillo is hit by Joe Thornton and loses puck.
5:23 of 3rd period - Icing by Daniel Carcillo.
5:24 of 3rd period - Chris Kunitz wins face-off versus Sheldon Keefe in Lightning zone.
5:27 of 3rd period - Wrist shot by Daniel Briere.
5:27 of 3rd period - Deflect By Tyler Seguin.
5:27 of 3rd period - Shot Blocked by Pierre-Luc Létourneau.
5:27 of 3rd period - Puck is out of play.
5:28 of 3rd period - Darroll Powe wins face-off versus Tyler Seguin in Lightning zone.
5:28 of 3rd period - Darroll Powe is hit by Chris Phillips.
5:44 of 3rd period - Snap shot by Chris Kunitz.
5:44 of 3rd period - Stopped by Jaroslav Halak without a rebound.
5:45 of 3rd period - Ryan Johansen wins face-off versus Robert Nilsson in Lightning zone.
6:12 of 3rd period - Daniel Briere is hit by Kris Versteeg and loses puck.
6:42 of 3rd period - Snap shot by Brian Boyle.
6:42 of 3rd period - Stopped by Jaroslav Halak without a rebound.
6:43 of 3rd period - Brian Boyle wins face-off versus Robert Nilsson in Lightning zone.
6:48 of 3rd period - Jeff Schultz is hit by Shane Doan and loses puck.
7:01 of 3rd period - Wrist shot by Shane Doan.
7:01 of 3rd period - Stopped by Jaroslav Halak with a rebound.
7:03 of 3rd period - Snap shot by Joffrey Lupul.
7:03 of 3rd period - Stopped by Jaroslav Halak with a rebound.
7:05 of 3rd period - Backhand shot by Shane Doan.
7:05 of 3rd period - Stopped by Jaroslav Halak with a rebound.
7:21 of 3rd period - Slapshot by Jeff Schultz.
7:21 of 3rd period - Stopped by Jake Allen with a rebound.
7:27 of 3rd period - Shane Doan is hit by Wayne Simmonds and loses puck.
8:12 of 3rd period - Snap shot by Brian Boyle.
8:12 of 3rd period - Shot Misses the Net.
8:14 of 3rd period - Wrist shot by Joffrey Lupul.
8:14 of 3rd period - Shot Blocked by Jeff Schultz.
8:16 of 3rd period - Snap shot by Tom Preissing.
8:16 of 3rd period - Deflect By Shane Doan.
8:16 of 3rd period - Shot Misses the Net.
8:16 of 3rd period - Puck is out of play.
8:17 of 3rd period - Pierre-Marc Bouchard wins face-off versus Ryan Johansen in Lightning zone.
8:17 of 3rd period - Pierre-Marc Bouchard is hit by Jarome Iginla.
8:29 of 3rd period - Snap shot by Jarome Iginla.
8:29 of 3rd period - Shot Blocked by John Carlson.
8:48 of 3rd period - Minor Penalty to Daniel Briere for Tripping.
8:49 of 3rd period - Joe Thornton wins face-off versus Logan Couture in Capitals zone.
8:53 of 3rd period - Off-side.
8:54 of 3rd period - Daniel Carcillo wins face-off versus Joe Thornton in neutral zone.
9:06 of 3rd period - Slapshot by Joe Thornton.
9:06 of 3rd period - Stopped by Jaroslav Halak with a rebound.
10:02 of 3rd period - Jeff Schultz is hit by Brian Boyle.
10:40 of 3rd period - Tom Preissing is hit by Daniel Carcillo and loses puck.
10:48 of 3rd period - Penalty to Daniel Briere is over, Daniel Briere is back on ice.
11:26 of 3rd period - Snap shot by Daniel Carcillo.
11:26 of 3rd period - Goal by Daniel Carcillo - Capitals : 4 - Lightning : 4.
11:27 of 3rd period - Robert Nilsson wins face-off versus Ryan Johansen in neutral zone.
11:34 of 3rd period - Wrist shot by Robert Nilsson.
11:34 of 3rd period - Stopped by Jake Allen with a rebound.
11:42 of 3rd period - Wrist shot by Wayne Simmonds.
11:42 of 3rd period - Shot Blocked by Patrick Marleau.
12:02 of 3rd period - Snap shot by Chris Kunitz.
12:02 of 3rd period - Goal by Chris Kunitz - Capitals : 5 - Lightning : 4.
12:03 of 3rd period - Robert Nilsson wins face-off versus Ryan Johansen in neutral zone.
12:07 of 3rd period - Off-side.
12:08 of 3rd period - Henrik Zetterberg wins face-off versus Ryan Johansen in neutral zone.
12:12 of 3rd period - Minor Penalty to Zdeno Chara for Roughing.
12:13 of 3rd period - Joe Thornton wins face-off versus Robert Nilsson in Capitals zone.
13:15 of 3rd period - Wrist shot by Chris Kunitz.
13:15 of 3rd period - Goal by Chris Kunitz - Capitals : 6 - Lightning : 4.
13:16 of 3rd period - Joe Thornton wins face-off versus Robert Nilsson in neutral zone.
13:42 of 3rd period - Daniel Briere is hit by Chris Higgins and loses puck.
14:12 of 3rd period - Penalty to Zdeno Chara is over, Zdeno Chara is back on ice.
14:16 of 3rd period - Icing by Jarome Iginla.
14:17 of 3rd period - Jarome Iginla wins face-off versus Darroll Powe in Capitals zone.
14:50 of 3rd period - Wrist shot by Erik Karlsson.
14:50 of 3rd period - Stopped by Jaroslav Halak with a rebound.
15:14 of 3rd period - Wrist shot by Daniel Carcillo.
15:14 of 3rd period - Stopped by Jake Allen without a rebound.
15:15 of 3rd period - Ryan Johansen wins face-off versus Robert Nilsson in Capitals zone.
16:31 of 3rd period - Backhand shot by Kris Versteeg.
16:31 of 3rd period - Shot Misses the Net.
17:35 of 3rd period - Off-side.
17:36 of 3rd period - Pierre-Marc Bouchard wins face-off versus Joffrey Lupul in neutral zone.
17:39 of 3rd period - Slapshot by John Carlson.
17:39 of 3rd period - Shot Hit the Post.
17:41 of 3rd period - Snap shot by Pierre-Marc Bouchard.
17:41 of 3rd period - Shot Misses the Net.
17:43 of 3rd period - Snap shot by Kris Versteeg.
17:43 of 3rd period - Stopped by Jake Allen with a rebound.
17:45 of 3rd period - Slapshot by John Carlson.
17:45 of 3rd period - Stopped by Jake Allen with a rebound.
17:53 of 3rd period - Snap shot by Chris Higgins.
17:53 of 3rd period - Stopped by Jake Allen with a rebound.
17:59 of 3rd period - Major / Game Misconduct Penalty to Erik Karlsson for Butt-ending.
17:59 of 3rd period - Erik Karlsson is ejected from game.
18:00 of 3rd period - Robert Nilsson wins face-off versus Joe Thornton in Capitals zone.
18:07 of 3rd period - Snap shot by Robert Nilsson.
18:07 of 3rd period - Shot Blocked by Chris Phillips.
18:09 of 3rd period - Slapshot by Brent Burns.
18:09 of 3rd period - Deflect By Robert Nilsson.
18:09 of 3rd period - Shot Misses the Net.
18:09 of 3rd period - Puck is out of play.
18:10 of 3rd period - Joe Thornton wins face-off versus Kris Versteeg in Capitals zone.
18:15 of 3rd period - Slapshot by Zdeno Chara.
18:15 of 3rd period - Deflect By Daniel Briere.
18:15 of 3rd period - Stopped by Jaroslav Halak without a rebound.
18:16 of 3rd period - Joe Thornton wins face-off versus Henrik Zetterberg in Lightning zone.
18:28 of 3rd period - Slapshot by John Carlson.
18:28 of 3rd period - Deflect By Kris Versteeg.
18:28 of 3rd period - Shot Misses the Net.
18:28 of 3rd period - Puck is out of play.
18:29 of 3rd period - Joe Thornton wins face-off versus Robert Nilsson in Capitals zone.
18:52 of 3rd period - Icing by Henrik Zetterberg.
18:53 of 3rd period - Joe Thornton wins face-off versus Kris Versteeg in Lightning zone.
19:21 of 3rd period - Wrist shot by Henrik Zetterberg.
19:21 of 3rd period - Stopped by Jake Allen without a rebound.
19:22 of 3rd period - Jarome Iginla wins face-off versus Logan Couture in Capitals zone.
Goals for this period are 2 for Capitals vs 1 for Lightning .
Shots for this period are 10 for Capitals vs 8 for Lightning .
Back to the Top